 Dungeon Crawl Stone Soup version 0.18.1-8-gdd0e5ea (webtiles) character file.

22 M4edhros the Charlatan (level 2, -2/21 HPs)
             Began as a Mummy Artificer on June 3, 2016.
             Slain by a goblin
             ... wielding a +0 club
             ... led by Robin
              (6 damage)
             ... on level 1 of the Dungeon.
             The game lasted 00:01:25 (1194 turns).

M4edhros the Charlatan (Mummy Artificer)            Turns: 1194, Time: 00:01:26

Health: -2/21      AC:  3    Str: 14    XL:     2   Next: 68%
Magic:  4/4        EV: 11    Int: 11    God:
Gold:   47         SH:  4    Dex: 12    Spells: 0 memorised, 1 level left

rFire  x . .     SeeInvis .     a - +0 short sword
rCold  + . .     Gourm    .     b - +0 leather armour
rNeg   + + +     Faith    .     k - +1 buckler
rPois  ∞         Spirit   .     (no helmet)
rElec  .         Dismiss  +     (no cloak)
rCorr  .         Reflect  .     (no gloves)
SustAt .         Harm     .     (no boots)
MR     .....                    h - amulet of dismissal
Stlth  +.........               (no ring)
                                (no ring)

@: not resistant to hostile enchantments, very unstealthy
A: no food or potions, fire vulnerability, cold resistance 1, negative energy
resistance 3, torment resistance, unbreathing
a: no special abilities


You were on level 1 of the Dungeon.
You were not hungry.

You visited 1 branch of the dungeon, and saw 2 of its levels.

You collected 47 gold pieces.

Inventory:

Hand Weapons
 a - a +0 short sword (weapon)
Armour
 b - a +0 leather armour (worn)
 k - a +1 buckler (worn)
Jewellery
 h - an amulet of dismissal (around neck)
Wands
 c - a wand of flame (15/48)
 d - a wand of enslavement (15/24)
 e - a wand of random effects (15/48)
Scrolls
 f - 3 scrolls of identify {unknown}
 g - 2 scrolls of fear {unknown}


   Skills:
 - Level 1.0 Fighting
 - Level 0.7 Short Blades
 - Level 1.5 Dodging
 - Level 0.7 Stealth
 + Level 3.3 Evocations


You had one spell level left.
You didn't know any spells.

Dungeon Overview and Level Annotations

Branches:
Dungeon (2/15)

Altars:

Annotations:
D:1 Robin


Innate Abilities, Weirdness & Mutations

You do not eat or drink.
Your flesh is vulnerable to fire.
You are immune to poison.
Your flesh is cold resistant.
You are immune to negative energy.
You are immune to unholy pain and torment.
You can survive without breathing.


Message History

As you read the scroll labeled EHAOBETUGA, it crumbles to dust.
You hear a loud clanging noise!
It was a scroll of noise.
The goblin completely misses you. The goblin hits you but does no damage.
The goblin hits you. You block the goblin's attack.
Robin hits you but does no damage. The hobgoblin closely misses you.
The goblin hits you but does no damage. The goblin barely misses you.
Unknown command.
Unknown command.
Read which item? (? for menu, Esc to quit)
As you read the scroll labeled CESCHI ETTEIG, it crumbles to dust.
It is a scroll of enchant armour.
Enchant which item? (? for menu, Esc to quit)
Your +0 buckler glows green for a moment.
The goblin hits you but does no damage. The goblin closely misses you.
The goblin hits you but does no damage. You block the goblin's attack.
Robin hits you with a short sword.
* * * LOW HITPOINT WARNING * * *
You block the goblin's attack. The goblin hits you with a club.
You die...

#.##.##..##># ####.#.#.##
#.##.##.###.# #.#...#
#.##.##.###.## #...#.#
#....##.##...### ###.#.#
###...%........## #.#.#
#..##...(.....####.#.#
#..##.....%...)......####
#..###.ggg....####.......
#...###g@g...## #.######
#...##.ggg.#.# #.# ###
#...##.#####.# #.# #..
#...##)#####.# #.####..
#.^.##.....#.# #.##....
###...##.....#.# #.##....
#..............#####..#....
#.######..............###..
#.# #.....###.####.# #..


You could see Robin, a hobgoblin and 6 goblins.

Vanquished Creatures
  A dart slug (D:1)
  2 bats (D:1)
  3 hobgoblins (D:1)
  2 giant newts (D:1)
  4 goblins
  4 kobolds (D:1)
  4 rats (D:1)
20 creatures vanquished.

Notes
Turn   | Place    | Note
--------------------------------------------------------------
     0 | D:1      | M4edhros the Mummy Artificer began the quest for the Orb.
     0 | D:1      | Reached XP level 1. HP: 15/15 MP: 2/2
   358 | D:1      | Reached XP level 2. HP: 14/21 MP: 4/4
   478 | D:1      | Reached skill level 3 in Evocations
  1187 | D:2      | Noticed Robin
  1194 | D:1      | Slain by a goblin

Skill      XL: |  1  2 |
---------------+-------+-----
Evocations     | 3 |  3.3
Fighting       | |  1.0
Short Blades   | |  0.7
Dodging        | |  1.5
Stealth        | |  0.7

Action                   || total
-------------------------++-------
Melee: Short sword       ||    98
  Use: Scroll            ||     2
Armor: Leather armour    ||    40
Dodge: Dodged            ||    81
Block: Buckler           ||     6
